| TOP OF THE 1ST |
|
Shreveport Braves batting - Pitching for Memphis Blues : RHP John Beckwith
|
|
Pitching: RHP John Beckwith
|
|
|
Batting: LHB Robert Loscalzo
|
0-0: Ball 1-0: Called Strike 1-1: Foul Ball, location: 2F 1-2: Ball 2-2: Fly out, F7 (Flyball, 7D, EV 106.3 MPH)
|
|
Batting: RHB Mark Naehring
|
0-0: Swinging Strike 0-1: Called Strike 0-2: Foul Ball, location: 2F 0-2: Strikes out looking
|
|
Batting: LHB Tracy Dophied
|
0-0: Ball 1-0: Fly out, F6 (Popup, 6M, EV 54.4 MPH)
|
| Top of the 1st over - 0 runs, 0 hits, 0 errors, 0 left on base; Shreveport 0 - Memphis 0 |
| BOTTOM OF THE 1ST |
|
Memphis Blues batting - Pitching for Shreveport Braves : RHP Fernando Amaya
|
|
Pitching: RHP Fernando Amaya
|
|
|
Batting: RHB Mariano Duncan
|
0-0: Ball 1-0: Ball 2-0: Foul Ball, location: 2F 2-1: Foul Ball, location: 2F 2-2: Fly out, F3 (Popup, 34S, EV 70.6 MPH)
|
|
Batting: LHB John Robbins
|
0-0: Foul Ball, location: 2F 0-1: Foul Ball, location: 2F 0-2: Foul Ball, location: 2F 0-2: Foul Ball, location: 2F 0-2: Ball 1-2: Foul Ball, location: 2F 1-2: Ball 2-2: Foul Ball, location: 2F 2-2: Ball 3-2: Base on Balls
|
|
Batting: LHB David Christianson
|
0-0: Foul Ball, location: 2F 0-1: Ball John Robbins steals 2nd base 1-1: Called Strike 1-2: SINGLE (Groundball, 4MD, EV 103.8 MPH) John Robbins to third Runner from 3rd tries for Home, SAFE, throw by CF to home
|
|
Batting: RHB Chris James
|
0-0: Fly out, F8 (Line Drive, 8RD, EV 86.9 MPH)
|
|
Batting: RHB Randy Filkins
|
0-0: Called Strike 0-1: SINGLE (Groundball, 25, EV 71.9 MPH) (infield hit) David Christianson to second
|
|
Batting: RHB Augustine Garrett
|
0-0: Called Strike 0-1: Ball 1-1: Ball 2-1: Called Strike 2-2: Strikes out looking
|
| Bottom of the 1st over - 1 run, 2 hits, 0 errors, 2 left on base; Shreveport 0 - Memphis 1 |
| TOP OF THE 2ND |
|
Shreveport Braves batting - Pitching for Memphis Blues : RHP John Beckwith
|
|
Batting: LHB Ronald Walker
|
0-0: Ball 1-0: Ground out 5-3 (Groundball, 56, EV 90.0 MPH)
|
|
Batting: RHB Glenn Walker
|
0-0: Called Strike 0-1: Swinging Strike 0-2: Ball 1-2: Ground out 4-3 (Groundball, 4, EV 111.9 MPH)
|
|
Batting: SHB Michael Lessard
|
0-0: Called Strike 0-1: Foul Ball, location: 2F 0-2: Foul Ball, location: 2F 0-2: Ball 1-2: Foul Ball, location: 2F 1-2: SINGLE (Flyball, 34D, EV 88.8 MPH)
|
|
Batting: RHB John Lickert
|
0-0: Fielders Choice at 2nd, 6-4 (Groundball, 6, EV 78.1 MPH)
|
| Top of the 2nd over - 0 runs, 1 hit, 0 errors, 1 left on base; Shreveport 0 - Memphis 1 |
| BOTTOM OF THE 2ND |
|
Memphis Blues batting - Pitching for Shreveport Braves : RHP Fernando Amaya
|
|
Batting: LHB Don Jacoby
|
0-0: Ground out 6-3 (Groundball, 56, EV 88.1 MPH)
|
|
Batting: RHB Bradley Shames
|
0-0: Called Strike 0-1: Called Strike 0-2: Strikes out looking
|
|
Batting: RHB William Muth
|
0-0: Ball 1-0: Ball 2-0: Foul Ball, location: 2F 2-1: Foul Ball, location: 2F 2-2: Foul Ball, location: 2F 2-2: Ball 3-2: Fly out, F7 (Line Drive, 7D, EV 91.9 MPH)
|
| Bottom of the 2nd over - 0 runs, 0 hits, 0 errors, 0 left on base; Shreveport 0 - Memphis 1 |
| TOP OF THE 3RD |
|
Shreveport Braves batting - Pitching for Memphis Blues : RHP John Beckwith
|
|
Batting: RHB Thomas Popovich
|
0-0: Ball 1-0: Called Strike 1-1: Fly out, F9 (Flyball, 9LM, EV 107.5 MPH)
|
|
Batting: RHB Jeff Matthews
|
0-0: Ground out 5-3 (Groundball, 56S, EV 86.3 MPH)
|
|
Batting: LHB Robert Loscalzo
|
0-0: Ball 1-0: Foul Ball, location: 2F 1-1: Ball 2-1: Ball 3-1: Swinging Strike 3-2: Foul Ball, location: 2F 3-2: Base on Balls
|
|
Batting: RHB Mark Naehring
|
0-0: Called Strike 0-1: Foul Ball, location: 2F 0-2: Foul Ball, location: 2F 0-2: Strikes out looking
|
| Top of the 3rd over - 0 runs, 0 hits, 0 errors, 1 left on base; Shreveport 0 - Memphis 1 |
| BOTTOM OF THE 3RD |
|
Memphis Blues batting - Pitching for Shreveport Braves : RHP Fernando Amaya
|
|
Batting: RHB Mariano Duncan
|
0-0: Called Strike 0-1: Ball 1-1: Ground out U3 (Groundball, 3, EV 107.5 MPH)
|
|
Batting: LHB John Robbins
|
0-0: Ball 1-0: Foul Ball, location: 2F 1-1: Foul Ball, location: 2F 1-2: Ball 2-2: Ball 3-2: Foul Ball, location: 2F 3-2: Base on Balls
|
|
Batting: LHB David Christianson
|
0-0: Ball John Robbins steals 2nd, throwing error, E2 John Robbins to third 1-0: Ball 2-0: Foul Ball, location: 2F 2-1: Foul Ball, location: 2F 2-2: 2-RUN HOME RUN (Flyball, 9D, EV 95.0 MPH), Distance : 369 ft
|
|
Batting: RHB Chris James
|
0-0: Ball 1-0: Called Strike 1-1: Called Strike 1-2: Foul Ball, location: 2F 1-2: DOUBLE (Line Drive, 89XD, EV 98.8 MPH)
|
|
Batting: RHB Randy Filkins
|
0-0: Ball 1-0: Ball 2-0: Called Strike 2-1: Ball 3-1: Base on Balls
|
|
Batting: RHB Augustine Garrett
|
0-0: Ball 1-0: Called Strike 1-1: SINGLE (Line Drive, 89M, EV 98.1 MPH) Chris James to third Randy Filkins to second Runner from 3rd tries for Home, SAFE, throw by RF to home
|
|
Batting: LHB Don Jacoby
|
0-0: Foul Ball, location: 2F 0-1: Called Strike 0-2: Ball 1-2: SINGLE (Flyball, 4D, EV 91.3 MPH) Randy Filkins to third Augustine Garrett to second
|
|
Batting: RHB Bradley Shames
|
0-0: Ball 1-0: Grounds into double play, 3-6-1 (Groundball, 3, EV 81.9 MPH)
|
| Bottom of the 3rd over - 3 runs, 4 hits, 1 error, 2 left on base; Shreveport 0 - Memphis 4 |
| TOP OF THE 4TH |
|
Shreveport Braves batting - Pitching for Memphis Blues : RHP John Beckwith
|
|
Batting: LHB Tracy Dophied
|
0-0: Foul Ball, location: 2F 0-1: Ball 1-1: Ball 2-1: Foul Ball, location: 2F 2-2: Strikes out swinging
|
|
Batting: LHB Ronald Walker
|
0-0: Ball 1-0: Ball 2-0: Ball 3-0: Base on Balls
|
|
Batting: RHB Glenn Walker
|
0-0: Ball 1-0: Swinging Strike 1-1: Ball 2-1: Foul Ball, location: 2F 2-2: Foul Ball, location: 2F 2-2: Ball 3-2: Strikes out swinging
|
|
Batting: SHB Michael Lessard
|
0-0: Ball 1-0: Ball 2-0: Ball 3-0: Base on Balls Ronald Walker to second
|
|
Batting: RHB John Lickert
|
0-0: Called Strike 0-1: Ball 1-1: Fielders Choice at 2nd, 6-4 (Groundball, 6, EV 84.4 MPH)
|
| Top of the 4th over - 0 runs, 0 hits, 0 errors, 2 left on base; Shreveport 0 - Memphis 4 |
| BOTTOM OF THE 4TH |
|
Memphis Blues batting - Pitching for Shreveport Braves : RHP Fernando Amaya
|
|
Batting: RHB William Muth
|
0-0: Ball 1-0: Ball 2-0: Ball 3-0: Called Strike 3-1: Base on Balls
|
|
Batting: RHB Mariano Duncan
|
0-0: Called Strike 0-1: Foul Ball, location: 2F 0-2: Ball 1-2: Ball 2-2: Strikes out swinging
|
|
Batting: LHB John Robbins
|
0-0: Ball 1-0: Swinging Strike 1-1: Swinging Strike 1-2: Fly out, F5 (Line Drive, 5, EV 67.5 MPH)
|
|
Batting: LHB David Christianson
|
0-0: Ball 1-0: Ball 2-0: Called Strike 2-1: Ball 3-1: Foul Ball, location: 2F 3-2: Base on Balls William Muth to second
|
|
Batting: RHB Chris James
|
0-0: Called Strike 0-1: Ball 1-1: Foul Ball, location: 2F 1-2: Foul Ball, location: 2F 1-2: Foul Ball, location: 2F 1-2: Foul Ball, location: 2F 1-2: Reached on error, E4 (Groundball, 4, EV 90.0 MPH) William Muth scores David Christianson to third
|
|
Batting: RHB Randy Filkins
|
0-0: Called Strike 0-1: Foul Ball, location: 2F 0-2: Foul Ball, location: 2F 0-2: Ball 1-2: Foul Ball, location: 2F 1-2: Ball 2-2: Ball 3-2: Fly out, F7 (Flyball, 7, EV 75.0 MPH)
|
| Bottom of the 4th over - 1 run, 0 hits, 1 error, 2 left on base; Shreveport 0 - Memphis 5 |
| TOP OF THE 5TH |
|
Shreveport Braves batting - Pitching for Memphis Blues : RHP John Beckwith
|
|
Batting: RHB Thomas Popovich
|
0-0: Swinging Strike 0-1: Ball 1-1: Called Strike 1-2: SINGLE (Groundball, 4MD, EV 94.4 MPH)
|
|
Batting: RHB Jeff Matthews
|
0-0: Ball Wild Pitch! Thomas Popovich to second 1-0: Ball 2-0: Foul Ball, location: 2F 2-1: Ground out U3 (Groundball, 34, EV 83.8 MPH) Thomas Popovich to third
|
|
Batting: LHB Robert Loscalzo
|
0-0: Called Strike 0-1: Foul Ball, location: 2F 0-2: Ball 1-2: Foul Ball, location: 2F 1-2: Ground out 1-3 (Groundball, P, EV 76.9 MPH)
|
|
Batting: RHB Mark Naehring
|
0-0: Ball 1-0: Ground out 4-3 (Groundball, 4M, EV 81.9 MPH)
|
| Top of the 5th over - 0 runs, 1 hit, 0 errors, 1 left on base; Shreveport 0 - Memphis 5 |
| BOTTOM OF THE 5TH |
|
Memphis Blues batting - Pitching for Shreveport Braves : RHP Fernando Amaya
|
|
Batting: RHB Augustine Garrett
|
0-0: Called Strike 0-1: Called Strike 0-2: Ground out 6-3 (Groundball, 6, EV 100.6 MPH)
|
|
Batting: LHB Don Jacoby
|
0-0: Ground out U3 (Groundball, 3S, EV 66.9 MPH)
|
|
Batting: RHB Bradley Shames
|
0-0: Ball 1-0: Foul Ball, location: 2F 1-1: Ball 2-1: Foul Ball, location: 2F 2-2: Ball 3-2: Fly out, F8 (Flyball, 8RD, EV 86.9 MPH)
|
| Bottom of the 5th over - 0 runs, 0 hits, 0 errors, 0 left on base; Shreveport 0 - Memphis 5 |
| TOP OF THE 6TH |
|
Shreveport Braves batting - Pitching for Memphis Blues : RHP John Beckwith
|
|
Pitching: RHP Anthony Threatt
|
|
|
Batting: LHB Tracy Dophied
|
0-0: Foul Ball, location: 2F 0-1: Ball 1-1: SOLO HOME RUN (Flyball, 9D, EV 90.0 MPH), Distance : 365 ft
|
|
Batting: LHB Ronald Walker
|
0-0: Called Strike 0-1: Foul Ball, location: 2F 0-2: Foul Ball, location: 2F 0-2: Foul Ball, location: 2F 0-2: Ball 1-2: Ball 2-2: Ball 3-2: Fly out, F7 (Flyball, 7LM, EV 100.0 MPH)
|
|
Batting: RHB Glenn Walker
|
0-0: Ground out 6-3 (Groundball, 6, EV 81.3 MPH)
|
|
Batting: SHB Michael Lessard
|
0-0: Called Strike 0-1: Ball 1-1: Fly out, F8 (Flyball, 8RD, EV 108.1 MPH)
|
| Top of the 6th over - 1 run, 1 hit, 0 errors, 0 left on base; Shreveport 1 - Memphis 5 |
| BOTTOM OF THE 6TH |
|
Memphis Blues batting - Pitching for Shreveport Braves : RHP Fernando Amaya
|
|
Batting: RHB William Muth
|
0-0: Ground out 4-3 (Groundball, 4, EV 78.8 MPH)
|
|
Batting: RHB Mariano Duncan
|
0-0: Swinging Strike 0-1: Ball 1-1: Ball 2-1: Called Strike 2-2: SINGLE (Groundball, 56, EV 97.5 MPH)
|
|
Batting: LHB John Robbins
|
0-0: SINGLE (Line Drive, 8RS, EV 93.8 MPH) Mariano Duncan to second Runner from 2nd tries for 3rd, SAFE, throw by CF made to third
|
|
Batting: LHB David Christianson
|
0-0: Grounds into double play, 4-6-3 (Groundball, 34, EV 90.6 MPH)
|
| Bottom of the 6th over - 0 runs, 2 hits, 0 errors, 1 left on base; Shreveport 1 - Memphis 5 |
| TOP OF THE 7TH |
|
Shreveport Braves batting - Pitching for Memphis Blues : RHP Anthony Threatt
|
|
Batting: RHB John Lickert
|
0-0: Called Strike 0-1: Fly out, F3 (Flyball, 3D, EV 85.0 MPH)
|
|
Batting: RHB Thomas Popovich
|
0-0: Fly out, F7 (Flyball, 7S, EV 76.3 MPH)
|
|
Batting: RHB Jeff Matthews
|
0-0: Ball 1-0: Ball 2-0: Fly out, F8 (Line Drive, 8LD, EV 103.1 MPH)
|
| Top of the 7th over - 0 runs, 0 hits, 0 errors, 0 left on base; Shreveport 1 - Memphis 5 |
| BOTTOM OF THE 7TH |
|
Memphis Blues batting - Pitching for Shreveport Braves : RHP Fernando Amaya
|
|
Batting: RHB Chris James
|
0-0: Ball 1-0: Ground out 5-3 (Groundball, 5, EV 98.8 MPH)
|
|
Batting: RHB Randy Filkins
|
0-0: Ball 1-0: Ball 2-0: Foul Ball, location: 2F 2-1: Called Strike 2-2: SOLO HOME RUN (Flyball, 7D, EV 105.6 MPH), Distance : 369 ft
|
|
Pitching: RHP Cecilio Guante
|
|
|
Batting: RHB Augustine Garrett
|
0-0: Ball 1-0: Ground out U3 (Groundball, 34, EV 83.8 MPH)
|
|
Batting: LHB Don Jacoby
|
0-0: Ball 1-0: Ball 2-0: Ball 3-0: Base on Balls
|
|
Batting: RHB Bradley Shames
|
0-0: Ball 1-0: Called Strike 1-1: Foul Ball, location: 2F 1-2: Strikes out swinging
|
| Bottom of the 7th over - 1 run, 1 hit, 0 errors, 1 left on base; Shreveport 1 - Memphis 6 |
| TOP OF THE 8TH |
|
Shreveport Braves batting - Pitching for Memphis Blues : RHP Anthony Threatt
|
|
Batting: LHB Robert Loscalzo
|
0-0: Ball 1-0: Ball 2-0: Called Strike 2-1: Ball 3-1: Foul Ball, location: 2F 3-2: SOLO HOME RUN (Line Drive, 9D, EV 111.3 MPH), Distance : 389 ft
|
|
Batting: RHB Mark Naehring
|
0-0: Called Strike 0-1: Foul Ball, location: 2F 0-2: Strikes out swinging
|
|
Batting: LHB Tracy Dophied
|
0-0: Called Strike 0-1: Ball 1-1: Foul Ball, location: 2F 1-2: Foul Ball, location: 2F 1-2: Ball 2-2: Ball 3-2: Foul Ball, location: 2F 3-2: Ground out 1-3 (Groundball, 13S, EV 77.5 MPH)
|
|
Batting: LHB Ronald Walker
|
0-0: Ball 1-0: Ball 2-0: Ball 3-0: Called Strike 3-1: Fly out, F8 (Line Drive, 89M, EV 89.4 MPH)
|
| Top of the 8th over - 1 run, 1 hit, 0 errors, 0 left on base; Shreveport 2 - Memphis 6 |
| BOTTOM OF THE 8TH |
|
Memphis Blues batting - Pitching for Shreveport Braves : RHP Cecilio Guante
|
|
Batting: RHB William Muth
|
0-0: Ball 1-0: Foul Ball, location: 2F 1-1: Ground out 5-3 (Groundball, 5, EV 101.3 MPH)
|
|
Batting: RHB Mariano Duncan
|
0-0: Ball 1-0: Called Strike 1-1: Called Strike 1-2: Ground out 5-3 (Groundball, 56, EV 101.3 MPH)
|
|
Batting: LHB John Robbins
|
0-0: Ground out 1-3 (Groundball, 34S, EV 70.0 MPH)
|
| Bottom of the 8th over - 0 runs, 0 hits, 0 errors, 0 left on base; Shreveport 2 - Memphis 6 |
| TOP OF THE 9TH |
|
Shreveport Braves batting - Pitching for Memphis Blues : RHP Anthony Threatt
|
|
Pitching: RHP Mark Humphrey
|
|
|
Batting: RHB Glenn Walker
|
0-0: Ball 1-0: Called Strike 1-1: Ball 2-1: Foul Ball, location: 2F 2-2: Foul Ball, location: 2F 2-2: Foul Ball, location: 2F 2-2: Strikes out looking
|
|
Batting: SHB Michael Lessard
|
0-0: Called Strike 0-1: Swinging Strike 0-2: Ball 1-2: Ball 2-2: Ball 3-2: Ground out 1-3 (Groundball, 13S, EV 68.1 MPH)
|
|
Batting: RHB John Lickert
|
0-0: Ball 1-0: Foul Ball, location: 2F 1-1: Ball 2-1: Ground out 4-3 (Groundball, 4, EV 101.9 MPH)
|
| Top of the 9th over - 0 runs, 0 hits, 0 errors, 0 left on base; Shreveport 2 - Memphis 6 |
|